 Dungeon Crawl Stone Soup version 0.19.4-9-g45fd643 (webtiles) character file.

5956 sveltemanboy the Transmogrifier (level 10, -1/55 HPs)
             Began as a Vine Stalker Transmuter on Feb 15, 2017.
             Was a Follower of Ashenzari.
             Slain by a troll (13 damage)
             ... on level 9 of the Dungeon on Feb 16, 2017.
             The game lasted 00:28:20 (9437 turns).

sveltemanboy the Transmogrifier (VSTm)              Turns: 9437, Time: 00:28:20

Health: -1/55      AC:  7    Str: 13      XL:     10   Next: 84%
Magic:  0/24       EV: 10    Int: 14 (16) God:    Ashenzari [*.....]
Gold:   505        SH:  3    Dex: 15      Spells: 5 memorised, 0 levels left

rFire  x . .     SeeInvis .       - Unarmed
rCold  + + +     Gourm    .     (armour currently unavailable)
rNeg   . . .     Faith    .     (shield currently unavailable)
rPois  +         Spirit   +     (helmet currently unavailable)
rElec  .         Reflect  +     (cloak currently unavailable)
rCorr  .         Harm     .     (gloves currently unavailable)
MR     +....                    (boots currently unavailable)
Stlth  +.........               z - +3 amulet of reflection
                                L - ring of poison resistance (curse)
                                p - ring of magical power

@: ice-form
A: (fangs 0), regeneration 1, wild magic 1, magic shield, (antimagic bite), no
device heal 3, rot immunity
a: End Transformation, Curse Item, Scrying, Renounce Religion


You were on level 9 of the Dungeon.
You worshipped Ashenzari.
Ashenzari was aware of your devotion.
You were not hungry.
You were a creature of crystalline ice.
You visited 2 branches of the dungeon, and saw 10 of its levels.
You also visited: Sewer.

You collected 505 gold pieces.

Inventory:

Missiles
 a - 127 arrows
 b - 3 throwing nets (quivered)
Armour
 e - the cursed +1 cloak "Cukir" (melded) {rCorr Stlth+}
   (You acquired it on level 8 of the Dungeon)

   It protects you from acid and corrosion.
   It makes you more stealthy.
   It has a curse placed upon it.
 m - a +2 robe of fire resistance
 t - a cursed +0 leather armour (melded)
 G - a +1 pair of gloves (melded)
 K - a +3 leather armour
Jewellery
 p - a ring of magical power (left front paw)
 z - a +3 amulet of reflection (around neck)
 L - a cursed ring of poison resistance (right front paw)
Wands
 s - a wand of lightning (7/15)
 J - a wand of flame (26/48)
Scrolls
 i - 5 scrolls of identify
 o - 4 scrolls of teleportation
 u - a scroll of fear
 E - 2 scrolls of magic mapping
 O - a scroll of holy word
Potions
 h - a potion of haste
 j - 2 potions of flight
 k - 2 potions of curing
 w - 2 potions of brilliance
 A - a potion of berserk rage
 B - a potion of invisibility
 C - a potion of cure mutation
 D - a potion of agility
 F - a potion of might
Books
 c - a book of Changes

   Spells                             Type                      Level
   a - Beastly Appendage              Transmutation                1
   b - Sticks to Snakes               Transmutation                2
   c - Spider Form                    Transmutation/Poison         3
   d - Ice Form                       Ice/Transmutation            4
   e - Blade Hands                    Transmutation                5
 x - a book of Cantrips

   Spells                             Type                      Level
   a - Confusing Touch                Hexes                        1
   b - Animate Skeleton               Necromancy                   1
   c - Summon Small Mammal            Summoning                    1
   d - Apportation                    Translocation                1
 N - a Young Poisoner's Handbook

   Spells                             Type                      Level
   a - Sting                          Conjuration/Poison           1
   b - Mephitic Cloud                 Conjuration/Poison/Air       3
   c - Olgreb's Toxic Radiance        Poison                       4
   d - Alistair's Intoxication        Transmutation/Poison         5
   e - Venom Bolt                     Conjuration/Poison           5
Comestibles
 d - 5 bread rations
 f - 3 slices of pizza
 g - 3 meat rations
 l - 8 chunks of flesh
 q - 7 beef jerkies


   Skills:
 - Level 2.1 Fighting
 + Level 3.7 Armour
 - Level 1.5 Dodging
 + Level 9.7 Unarmed Combat
 - Level 3.0 Spellcasting
 - Level 11.0 Transmutations
 - Level 4.0 Ice Magic
 - Level 1.0 Poison Magic


You couldn't memorise any spells.
You knew the following spells:

 Your Spells              Type           Power        Failure   Level  Hunger
a - Beastly Appendage     Tmut           #####.       1%          1    #......
b - Sticks to Snakes      Tmut           #####...     1%          2    ##.....
c - Spider Form           Tmut/Pois      ###.......   12%         3    ###....
d - Ice Form              Ice/Tmut       ####....     17%         4    #####..
e - Blade Hands           Tmut           #####.....   14%         5    ######.


Dungeon Overview and Level Annotations

Branches:
Dungeon (9/15)             Temple (1/1) D:5
   Lair: D:8-11         Orc: D:9-12

Altars:
Ashenzari
Dithmenos
Hepliaklqana
Kikubaaqudgha
Okawaru
Ru
Sif Muna
Trog
The Shining One


Innate Abilities, Weirdness & Mutations

((You have razor-sharp teeth.))
Your natural rate of healing is unusually fast.
When hurt, damage is shared between your health and your magic reserves.
((Your bite disrupts and absorbs the magic of your enemies.))
Potions and wands cannot restore your health.
You are immune to rotting.
Your spells are a little harder to cast, but a little more powerful.


Message History

The troll misses you.
You hit the troll. You freeze the troll.
The troll is heavily wounded.
You closely miss the troll.
The troll is heavily wounded.
The troll bites you! The troll claws you!
* * * LOW HITPOINT WARNING * * *
The troll completely misses you.
You are too injured to fight recklessly!
You punch the troll! You freeze the troll.
The troll is almost dead.
The troll barely misses you. You block the troll's attack.
The troll barely misses you.
You hit the troll but do no damage.
The troll is almost dead.
The troll closely misses you. The troll barely misses you. x2
You barely miss the troll.
The troll is almost dead.
The troll bites you!
You die...

####### ##### ...$...
########## #....
.......#####........#
###....
.....).....TY.......#
#.)....
.......#####........#
#.#.... .......
#........###.#....
......$
#........'...#....
.......
#........#####....
......) #######'##
##'## #.##### ##...#
#..# #. ###..### ##..
#...## ###


You could see a troll.

Vanquished Creatures
  Erica (D:9)
  Pikel (D:6)
  The ghost of Xiguana the Grappler, a novice DrCK of Xom (D:6)
  A troll (D:8)
  A hippogriff (D:8)
  Eustachio (D:6)
  A hungry ghost (D:8)
  Menkaure (D:6)
  2 sky beasts
  3 orc warriors
  A hornet zombie (D:5)
  9 ogres
  A centaur (D:8)
  2 necrophages
  A crocodile (D:9)
  5 bullfrogs
  3 scorpions
  2 howler monkeys
  5 crimson imps
  2 bullfrog zombies (D:5)
  2 hounds
  2 jellies (D:5)
  6 orc wizards
  7 orc priests
  A bullfrog skeleton (D:8)
  11 worker ants
  A killer bee zombie (D:5)
  A hound skeleton (D:8)
  A worker ant zombie (D:5)
  8 gnolls
  3 howler monkey skeletons
  10 adders
  A shadow imp (D:8)
  3 oozes
  2 adder skeletons
  A worm (D:3)
  3 dart slugs
  5 leopard geckos
  25 orcs
  8 ball pythons
  10 giant cockroaches
  9 goblins
  8 hobgoblins
  32 jackals
  5 quokkas
  2 bats
  5 frilled lizards
  A jackal skeleton (D:5)
  10 kobolds
  7 rats
234 creatures vanquished.

Vanquished Creatures (collateral kills)
  A centaur (D:5)
  An orc wizard (D:5)
  A worm (D:2)
  2 orcs (D:5)
  A jackal (D:6)
  2 frilled lizards (D:2)
  A kobold (D:3)
9 creatures vanquished.

Vanquished Creatures (others)
  An orc priest (D:6)
  An adder (D:6)
  4 orcs (D:6)
  A giant cockroach (D:6)
  A giant cockroach zombie (D:6)
8 creatures vanquished.

Grand Total: 251 creatures vanquished

Notes
Turn   | Place    | Note
-------+----------+-------------------------------------------
     0 | D:1      | sveltemanboy the Vine Stalker Transmuter began the quest for the Orb.
     0 | D:1      | Reached XP level 1. HP: 9/9 MP: 4/4
   303 | D:1      | Reached XP level 2. HP: 14/14 MP: 4/6
   310 | D:1      | Learned a level 2 spell: Sticks to Snakes
   764 | D:1      | Reached XP level 3. HP: 17/17 MP: 7/7
  1099 | D:2      | Reached skill level 1 in Armour
  1099 | D:2      | Reached skill level 3 in Transmutations
  1291 | D:2      | Found a hazy altar of Hepliaklqana.
  1541 | D:2      | Learned a level 3 spell: Spider Form
  1719 | D:2      | Found a sacrificial altar of Ru.
  1719 | D:2      | Found an iron altar of Okawaru.
  1719 | D:2      | Found an ancient bone altar of Kikubaaqudgha.
  1829 | D:2      | Gained mutation: Your natural rate of healing is unusually fast. [Vine Stalker growth]
  1829 | D:2      | Reached XP level 4. HP: 19/21 MP: 8/8
  1923 | D:2      | Reached skill level 1 in Poison Magic
  2475 | D:3      | Found a glowing drain.
  2501 | Sewer    | Entered a sewer
  2562 | Sewer    | Reached XP level 5. HP: 25/25 MP: 9/9
  2644 | Sewer    | Reached skill level 4 in Transmutations
  3690 | D:3      | Learned a level 4 spell: Ice Form
  3957 | D:3      | Reached XP level 6. HP: 29/29 MP: 11/11
  4058 | D:4      | Reached skill level 5 in Transmutations
  4148 | D:4      | Reached XP level 7. HP: 32/32 MP: 8/12
  4424 | D:4      | Got a steaming quarterstaff
  4425 | D:4      | Identified the +1 quarterstaff "Dibarevi" {freeze, +Inv MR- Str+2} (You found it on level 4 of the Dungeon)
  4499 | D:4      | Reached skill level 6 in Transmutations
  4640 | D:5      | Entered Level 5 of the Dungeon
  4648 | D:5      | Reached skill level 5 in Unarmed Combat
  4894 | D:5      | Reached skill level 7 in Transmutations
  4894 | D:5      | Gained mutation: You have razor-sharp teeth. [Vine Stalker growth]
  4894 | D:5      | Reached XP level 8. HP: 16/37 MP: 7/13
  5297 | D:5      | Reached skill level 8 in Transmutations
  5579 | D:5      | Found a staircase to the Ecumenical Temple.
  5588 | Temple   | Entered the Ecumenical Temple
  5601 | Temple   | Became a worshipper of Ashenzari the Shackled
  5662 | D:6      | Noticed Xiguana's ghost (novice DrCK)
  5818 | D:6      | Noticed Eustachio
  5845 | D:6      | Killed Eustachio
  5880 | D:6      | Reached skill level 9 in Transmutations
  5880 | D:6      | Reached XP level 9. HP: 40/40 MP: 14/14
  6132 | D:6      | Reached skill level 1 in Ice Magic
  6213 | D:6      | Noticed Pikel
  6240 | D:6      | Killed Pikel
  6378 | D:6      | HP: 2/40 [jackal (1)]
  6643 | D:6      | Noticed Menkaure
  6656 | D:6      | Killed Menkaure
  6656 | D:6      | Reached skill level 10 in Transmutations
  7010 | D:6      | Killed Xiguana's ghost
  7625 | D:7      | Reached XP level 10. HP: 41/44 MP: 15/15
  7632 | D:7      | Learned a level 5 spell: Blade Hands
  7641 | D:7      | Found a deep blue altar of Sif Muna.
  7696 | D:7      | Reached skill level 1 in Fighting
  7855 | D:7      | Gained mutation: Your spells are a little harder to cast, but a little more powerful. [mutagenic meat]
  8046 | D:8      | Reached * piety under Ashenzari
  8364 | D:8      | Reached skill level 11 in Transmutations
  8740 | D:8      | Found an ancient bone altar of Kikubaaqudgha.
  9094 | D:8      | Identified a scroll of acquirement
  9095 | D:8      | Got the cursed cloak "Cukir" {rCorr Stlth+}
  9101 | D:8      | Identified the cursed +1 cloak "Cukir" {rCorr Stlth+} (You acquired it on level 8 of the Dungeon)
  9346 | D:9      | Noticed Erica
  9365 | D:9      | Killed Erica
  9437 | D:9      | Slain by a troll

Skill      XL: |  1  2  3  4  5  6  7  8  9 10 |
---------------+-------------------------------+-----
Armour         | 1 3 |  3.7
Transmutations | 3 4 5 7 9 10 11 | 11.0
Poison Magic   | 1 |  1.0
Spellcasting   | 3 |  3.0
Unarmed Combat | 4 5 6 8 9 |  9.7
Ice Magic      | 3 4 |  4.0
Fighting       | 2 |  2.1
Dodging        | |  1.5

Action                   |  1- 3 |  4- 6 |  7- 9 | 10-12 || total
-------------------------+-------+-------+-------+-------++-------
Melee: Unarmed           |    85 |   283 |   311 |   175 ||   854
       Bite              |    18 |    38 |    62 |    36 ||   154
       Headbutt          |     4 |     1 |     6 |     5 ||    16
       Kick              |     3 |       |     3 |     1 ||     7
       Punch             |     1 |     1 |     5 |     4 ||    11
 Cast: Beastly Appendage |     6 |     1 |    11 |     3 ||    21
       Sticks to Snakes  |     4 |     3 |    13 |     1 ||    21
       Spider Form       |     2 |    11 |    14 |     5 ||    32
       Ice Form          |       |       |     4 |     3 ||     7
Invok: Curse Item        |       |       |     1 |       ||     1
 Abil: End Transformatio |       |       |       |     2 ||     2
Evoke: Wand              |       |     2 |     4 |       ||     6
  Use: Scroll            |       |       |       |    17 ||    17
       Potion            |       |       |       |     5 ||     5
 Stab: Distracted        |     1 |       |     1 |       ||     2
       Sleeping          |       |       |     2 |     2 ||     4
  Eat: Chunk             |     3 |    10 |    15 |     9 ||    37
Armor: Robe              |     9 |    20 |       |       ||    29
       Skin              |       |     2 |     9 |    12 ||    23
       Leather armour    |       |    15 |    30 |    15 ||    60
Dodge: Dodged            |    41 |   192 |   198 |   105 ||   536
Block: Other             |       |       |    34 |    17 ||    51
       Reflection        |       |       |     1 |       ||     1
